 Dungeon Crawl Stone Soup version 0.27-a0-1119-gbf574a6a6b (webtiles) character file.

Game seed: 1944777914283969729

2 Zeld the Shield-Bearer (level 1, -3/16 HPs)
             Began as an Octopode Fighter on May 2, 2021.
             Slain by an orc
             ... wielding a +2 hand axe of flaming
              (7 damage)
             ... on level 3 of the Dungeon.
             The game lasted 00:00:27 (111 turns).

Zeld the Shield-Bearer (Octopode Fighter)            Turns: 111, Time: 00:00:27

Health: -3/16      AC:  1    Str: 15    XL:     1   Next: 30%
Magic:  1/1        EV: 11    Int: 10    God:
Gold:   0          SH:  8    Dex: 11    Spells: 0/0 levels left

rFire    . . .     SeeInvis .   a - +0 war axe
rCold    . . .     Faith    .   b - +0 kite shield
rNeg     . . .     Spirit   .   (helmet restricted)
rPois    .         Reflect  .   (no amulet)
rElec    .         Harm     .   (no ring)
rCorr    .         Rampage  .   (no ring)
Will     .....                  (no ring)
Stlth    ++........             (no ring)
HPRegen  0.05/turn              (no ring)
MPRegen  0.07/turn              (no ring)
                                (no ring)
                                (no ring)

@: no status effects
A: almost no armour, amphibious, 8 rings, camouflage 1, gelatinous body 1,
(nimble swimmer 1), tentacles
a: no special abilities


You were on level 3 of the Dungeon.
You visited 1 branch of the dungeon, and saw 3 of its levels.

Inventory:

Hand Weapons
 a - a +0 war axe (weapon)
Armour
 b - a +0 kite shield (worn)
Potions
 c - a potion of might


   Skills:
 * Level 3.0 Fighting
 * Level 2.0 Axes
 - Level 3.0 Dodging
 * Level 3.0 Shields


You couldn't memorise any spells.
You didn't know any spells.
Your spell library was empty.

Dungeon Overview and Level Annotations

Branches:
Dungeon (3/15)

Altars:

Annotations:
D:2 exclusion: worm, Sigmund


Innate Abilities, Weirdness & Mutations

You cannot wear most types of armour.
You are amphibious.
You can wear up to eight rings at the same time.
Your skin changes colour to match your surroundings (Stealth+).
Your rubbery body absorbs attacks. (AC +1, EV +1)
((You are camouflaged near water. (Stealth+)))
You have tentacles for arms and can constrict up to eight enemies at once.


Message History

Unknown command.
You climb downwards.
An endoplasm comes into view.
Found 22 bolts, a runed short sword and a scroll labelled GONOLUANNUPS.
Found a stone staircase leading up.
There is a stone staircase leading up here.
An orc comes into view. It is wielding a +0 club.
The orc moves out of view.
An orc comes into view. It is wielding a +0 dagger.
An orc comes into view.
It is wielding a +2 hand axe of flaming.
The orc shouts! x2
You closely miss the orc. You grab the orc. You squeeze the orc.
The orc is heavily wounded.
You constrict the orc.
The orc escapes!
You block the orc's attack. The orc hits you with a +0 club.
You hit the orc.
You kill the orc!
You closely miss the orc.
A ball python comes into view.
You block the orc's attack.
The ball python hisses angrily.
You hit the orc but do no damage. You grab the orc. You squeeze the orc.
The orc is moderately wounded.
You constrict the orc.
The orc escapes!
The orc hits you with a +0 club. You block the orc's attack.
You closely miss the orc. You grab the orc.
The orc is severely wounded.
You completely miss the orc. You constrict the orc.
The orc hits you with a +0 club.
The orc hits you with a +2 hand axe of flaming.
The orc burns you.
* * * LOW HITPOINT WARNING * * *
The orc closely misses you.
You release your grip on the orc.
A bat comes into view.
You hit the orc. You grab the orc.
The orc is heavily wounded.
You constrict the orc, but do no damage.
The orc hits you with a +2 hand axe of flaming!
You die...

#....##.......P≈
#....#########..
#####....# P
#........#
....###....#
#..###....#
#.....####
#####S#####
#oo@b.#
#####...# .....
#..# .. .


You could see 2 orcs, a bat and a ball python.

Vanquished Creatures
  An orc (D:3)
1 creature vanquished.

Notes
Turn   | Place    | Note
-------+----------+-------------------------------------------
     0 | D:1      | Zeld the Octopode Fighter began the quest for the Orb.
     0 | D:1      | Reached XP level 1. HP: 16/16 MP: 1/1
    51 | D:2      | Noticed Sigmund
   111 | D:3      | Slain by an orc

Illustrated notes

Levels and vault maps discovered:
D:1:      moated_graveyard_arrival, layout_basic
D:2:      layout_loops_corners, serial_glass, glass_columns_c, glass_columns_a,
          uniq_natasha, uniq_robin, uniq_sigmund
D:3:      minmay_thinvault, layout_rooms, st_stairs_4, kennysheep_path_1,
          serial_bayou_pond_a

Action                   || total
-------------------------++-------
Melee: War axe           ||     5
       Constrict         ||     4
       Tentacles         ||     2
Dodge: Dodged            ||     1
Block: Kite shield       ||     3

Table legend: (Time is in decaauts)
 A = Elapsed time spent in this place.
 B = Non-inter-level travel time spent in this place.
 C = Inter-level travel time spent in this place.
 D = Time resting spent in this place.
 E = Time spent auto-exploring this place.
 F = Levels seen in this place.
 G = Mean time per level.
                   A        B        C        D        E       F      G
               +--------+--------+--------+--------+--------+-----+--------+
         Total |    113 |    105 |      8 |      0 |     75 |   3 |   37.7 |
       Dungeon |    113 |    105 |      8 |      0 |     75 |   3 |   37.7 |
               +--------+--------+--------+--------+--------+-----+--------+

Top non-repeatable levels by time:
     D:2: 80 daAuts
     D:3: 22 daAuts
     D:1: 10 daAuts
